 Dungeon Crawl Stone Soup version 0.27-a0-148-g9515ab555c (webtiles) character file.

Game seed: 6096637238866308982

550 knot the Chopper (level 7, 52/52 HPs)
             Began as a Demonspawn Berserker on Jan 26, 2021.
             Was a Priest of Trog.
             Quit the game on level 4 of the Dungeon.
             The game lasted 00:05:39 (5125 turns).

knot the Chopper (Demonspawn Berserker)             Turns: 5125, Time: 00:05:40

Health: 52/52      AC:  8    Str: 18    XL:     7   Next: 7%
Magic:  7/7        EV: 10    Int: 10    God:    Trog [***...]
Gold:   122        SH:  0    Dex: 12    Spells: 6/6 levels left

rFire    . . .     SeeInvis +   a - +1 hand axe
rCold    . . .     Faith    .   (no shield)
rNeg     + . .     Spirit   +   f - -1 scale mail (curse)
rPois    +         Reflect  .   (helmet unavailable)
rElec    .         Harm     .   (no cloak)
rCorr    .         Rampage  .   u - +2 pair of gloves
Will     .....                  (no boots)
Stlth    ..........             (no amulet)
HPRegen  0.17/turn              k - ring of positive energy
MPRegen  0.20/turn              v - ring of poison resistance

@: no status effects
A: antennae 3, foul stench 1, magic shield, magic regeneration
a: Renounce Religion, Berserk, Trog's Hand


You were on level 4 of the Dungeon.
You worshipped Trog.
Trog was most pleased with you.
You visited 1 branch of the dungeon, and saw 4 of its levels.

You collected 122 gold pieces.

Inventory:

Hand Weapons
 a - a +1 hand axe (weapon)
Missiles
 h - 8 sling bullets
 j - 201 stones
 q - 20 poisoned darts (quivered)
 y - 5 boomerangs
Armour
 f - a cursed -1 scale mail (worn)
 u - a +2 pair of gloves (worn)
Jewellery
 k - a ring of positive energy (left hand)
 v - a ring of poison resistance (right hand)
Scrolls
 b - a scroll of fog
 c - 10 scrolls of identify
 o - 3 scrolls of teleportation {unknown}
 p - 2 scrolls of enchant armour {unknown}
 r - a scroll of fear {unknown}
 s - 2 scrolls of blinking
 x - a scroll of magic mapping {unknown}
Potions
 d - 3 potions of mutation {unknown}
 e - 2 potions of berserk rage {unknown}
 g - a potion of ambrosia {unknown}
 i - a potion of degeneration {unknown}
 l - a potion of attraction {unknown}
 m - a potion of curing {unknown}
 n - a potion of haste {unknown}
 t - a potion of cancellation {unknown}
 w - a potion of lignification {unknown}
 z - a potion of resistance {unknown}
 A - a potion of magic {unknown}


   Skills:
 - Level 3.0 Fighting
 * Level 6.1 Axes
 * Level 3.9 Throwing
 - Level 1.7 Armour
 - Level 1.7 Dodging


You had 6 spell levels left.
You didn't know any spells.
Your spell library was empty.

Dungeon Overview and Level Annotations

Branches:
Dungeon (4/15)
 Temple: D:4-7

Altars:
Dithmenos
Fedhas
Gozag
Okawaru
Qazlal


Innate Abilities, Weirdness & Mutations

You have a pair of large antennae on your head. (SInv)
You may rarely emit foul miasma when damaged in melee.
When hurt, damage is shared between your health and your magic reserves.
You regenerate magic rapidly.


Message History

You throw a poisoned dart. The poisoned dart hits the ogre.
The ogre looks as sick as possible!
The ogre is lightly wounded.
You barely miss the ogre.
The ogre is moderately wounded.
The ogre closely misses you.
You hit the ogre but do no damage.
The ogre is moderately wounded.
The ogre misses you.
You hit the ogre.
The ogre is heavily wounded.
The ogre barely misses you.
You slash the ogre!
You kill the ogre!
Trog accepts your kill.
Your Axes skill increases to level 6!
You have reached level 7!
Your demonic ancestry asserts itself...
You begin to emit a foul stench of rot and decay.
Are you sure you want to abandon this character and quit the game? (Confirm with "yes".)

..##. #..# .((
..#>. #. #.# ...#
. #(# #..# #(#
#..# #>###### #(#
#..# #....... #(#
##..#######..#
#)###......# #.##
#@##..####.####.#
#.##.## #...)..#
#.##)# ##.#####
#.##.######.##
#..#.##......#####
##.#)##...........
#.#.##.....)#####
#.#.##......#
#.#.##......#####


There were no monsters in sight!

Vanquished Creatures
  3 ogres (D:4)
  An orc priest (D:4)
  A hound (D:4)
  An orc wizard (D:4)
  2 worker ants (D:4)
  3 gnolls (D:4)
  2 adders
  2 oozes
  A dart slug (D:2)
  4 leopard geckos
  11 orcs
  6 bats
  7 giant cockroaches
  12 goblins
  5 hobgoblins
  18 jackals
  5 kobolds
  3 quokkas
  A ball python (D:3)
  5 frilled lizards
  6 rats
99 creatures vanquished.

Notes
Turn   | Place    | Note
-------+----------+-------------------------------------------
     0 | D:1      | knot the Demonspawn Berserker began the quest for the Orb.
     0 | D:1      | Reached XP level 1. HP: 18/18 MP: 1/1
    60 | D:1      | Reached skill level 3 in Axes
   249 | D:1      | Gained mutation: You have a pair of small antennae on your
                  | head. [demonic ancestry]
   249 | D:1      | Reached XP level 2. HP: 23/24 MP: 2/2
  1150 | D:1      | Gained mutation: You regenerate magic rapidly. [demonic
                  | ancestry]
  1150 | D:1      | Reached XP level 3. HP: 28/29 MP: 3/3
  1400 | D:1      | Reached skill level 4 in Axes
  1837 | D:2      | Reached ** piety under Trog
  2479 | D:2      | Found a blossoming altar of Fedhas.
  2520 | D:2      | Gained mutation: You have a pair of antennae on your head.
                  | [demonic ancestry]
  2520 | D:2      | Reached XP level 4. HP: 35/35 MP: 4/4
  3090 | D:3      | Found a stormy altar of Qazlal.
  3694 | D:3      | Reached skill level 1 in Throwing
  3754 | D:2      | Found an iron altar of Okawaru.
  3754 | D:2      | Found a shadowy altar of Dithmenos.
  4472 | D:4      | Noticed an ogre
  4481 | D:4      | Reached skill level 5 in Axes
  4481 | D:4      | Gained mutation: When hurt, damage is shared between your
                  | health and your magic reserves. [demonic ancestry]
  4481 | D:4      | Reached XP level 5. HP: 41/41 MP: 5/5
  4490 | D:4      | Killed an ogre
  4491 | D:4      | Gained mutation: You have a pair of large antennae on your
                  | head. (SInv) [demonic ancestry]
  4491 | D:4      | Reached XP level 6. HP: 47/47 MP: 4/6
  4900 | D:4      | Reached *** piety under Trog
  5040 | D:4      | Found an opulent altar of Gozag.
  5125 | D:4      | Reached skill level 6 in Axes
  5125 | D:4      | Gained mutation: You may rarely emit foul miasma when
                  | damaged in melee. [demonic ancestry]
  5125 | D:4      | Reached XP level 7. HP: 52/52 MP: 7/7
  5125 | D:4      | Quit the game

Illustrated notes

Levels and vault maps discovered:
D:1:      scummos_arrival_checkerplants, layout_loops_ring
D:2:      layout_loops_ring, fedhas_altar_3, nicolae_overflow_hidden_temple
D:3:      layout_basic, grunt_qazlal_sundering, minmay_misc_feat_rows,
          interstate_on_off
D:4:      layout_rooms, nicolae_gozag_seed_capital, serial_shops, shop

Skill      XL: |  1  2  3  4  5  6 |
---------------+-------------------+-----
Axes           | 3 4 5 6 |  6.1
Throwing       | 1 2 3 |  3.9
Fighting       | |  3.0
Armour         | |  1.7
Dodging        | |  1.7

Action                   |  1- 3 |  4- 6 |  7- 9 || total
-------------------------+-------+-------+-------++-------
Melee: Hand axe          |   160 |   162 |       ||   322
Throw: Dart              |     3 |    37 |       ||    40
Invok: Berserk           |     4 |     3 |       ||     7
       Trog's Hand       |       |     1 |       ||     1
  Use: Scroll            |       |     5 |       ||     5
 Stab: Sleeping          |     3 |       |       ||     3
Armor: Animal skin       |    33 |    14 |       ||    47
       Leather armour    |       |    19 |       ||    19
       Scale mail        |       |    25 |       ||    25
Dodge: Dodged            |   117 |    98 |       ||   215

Table legend: (Time is in decaauts)
 A = Elapsed time spent in this place.
 B = Non-inter-level travel time spent in this place.
 C = Inter-level travel time spent in this place.
 D = Time resting spent in this place.
 E = Time spent auto-exploring this place.
 F = Levels seen in this place.
 G = Mean time per level.
                   A        B        C        D        E       F      G
               +--------+--------+--------+--------+--------+-----+--------+
         Total |   5217 |   4821 |    396 |   1192 |   2943 |   4 | 1304.2 |
       Dungeon |   5217 |   4821 |    396 |   1192 |   2943 |   4 | 1304.2 |
               +--------+--------+--------+--------+--------+-----+--------+

Top non-repeatable levels by time:
     D:1: 1761 daAuts
     D:2: 1643 daAuts
     D:3: 1223 daAuts
     D:4: 588 daAuts
